 Dungeon Crawl Stone Soup version 0.21-a0-278-ga722497 (webtiles) character file.

289 tidbits the Grave Robber (level 6, 33/45 HPs)
             Began as a Draconian Necromancer on Sept 22, 2017.
             Quit the game on level 2 of the Dungeon.
             The game lasted 00:13:48 (1862 turns).

tidbits the Grave Robber (Draconian Necromancer)    Turns: 1862, Time: 00:13:48

Health: 33/45      AC:  7    Str: 10    XL:     6   Next: 9%
Magic:  8/11       EV: 12    Int: 17    God:
Gold:   303        SH:  0    Dex: 12    Spells: 3/12 levels left

rFire    . . .     SeeInvis .   w - +0 morningstar
rCold    . . .     Gourm    .   (no shield)
rNeg     . . .     Faith    .   (armour unavailable)
rPois    .         Spirit   .   (helmet restricted)
rElec    .         Reflect  .   (no cloak)
rCorr    .         Harm     .   G - +0 pair of gloves
MR       +....                  (no boots)
Stlth    ++........             g - amulet of rage
HPRegen  0.15/turn              q - ring of protection from magic
MPRegen  0.12/turn              (no ring)

@: no status effects
A: unfitting armour, cold-blooded, AC +6
a: Evoke Berserk Rage


You were on level 2 of the Dungeon.
You were not hungry.

You visited 1 branch of the dungeon, and saw 5 of its levels.

You collected 303 gold pieces.

Inventory:

Hand Weapons
 d - a +0 dagger
 w - a +0 morningstar (weapon)
Missiles
 c - 41 stones (quivered)
 i - 105 arrows
Armour
 G - a +0 pair of gloves (worn)
Jewellery
 g - an amulet of rage (around neck)
   (You found it on level 1 of the Dungeon)
 p - an uncursed amulet of the gourmand
   (You found it on level 2 of the Dungeon)
 q - a ring of protection from magic (left hand)
   (You found it on level 2 of the Dungeon)
 s - an uncursed ring of fire
   (You found it on level 3 of the Dungeon)
Wands
 x - a wand of paralysis (5/24)
Scrolls
 k - a scroll of recharging {unknown}
 r - a scroll of remove curse
 t - a scroll of magic mapping {unknown}
Potions
 f - a potion of curing
 h - 2 potions of heal wounds
 j - a potion of cancellation
 n - 2 potions of haste
 o - a potion of ambrosia {unknown}
Books
 a - a book of Necromancy

   Spells                             Type                      Level
   a - Pain                           Necromancy                   1
   b - Animate Skeleton               Necromancy                   1
   c - Vampiric Draining              Necromancy                   3
   d - Regeneration                   Charms/Necromancy            3
   e - Animate Dead                   Necromancy                   4
   f - Control Undead                 Necromancy                   4
 m - a book of Cantrips
   (You found it on level 2 of the Dungeon)

   Spells                             Type                      Level
   a - Confusing Touch                Hexes                        1
   b - Animate Skeleton               Necromancy                   1
   c - Summon Small Mammal            Summoning                    1
   d - Apportation                    Translocation                1
Comestibles
 b - 4 bread rations
 l - a royal jelly
 u - a chunk of flesh


   Skills:
 - Level 1.7 Dodging
 - Level 1.7 Stealth
 + Level 3.8 Spellcasting
 * Level 6.4 Necromancy


You had 3 spell levels left.
You knew the following spells:

 Your Spells              Type           Power        Failure   Level  Hunger
b - Apportation           Tloc           #.....       16%         1    None
n - Animate Skeleton      Necr           N/A          1%          1    None
r - Regeneration          Chrm/Necr      ##........   13%         3    ###....
v - Vampiric Draining     Necr           ####......   3%          3    ###....
z - Pain                  Necr           ####         1%          1    None


Dungeon Overview and Level Annotations

Branches:
Dungeon (5/15)             Temple (0/1) D:4

Altars:
Ashenzari
Trog

Annotations:
D:4 anything's ghost, amateur NaHu


Innate Abilities, Weirdness & Mutations

Your plain brown scales are hard. (AC +6)
You cannot fit into any form of body armour.
You are cold-blooded and may be slowed by cold attacks.


Message History

The ogre suddenly stops moving!
This wand has 5 charges left.
The bullfrog skeleton closely misses you.
Your orc wizard skeleton hits the ogre with a dagger.
The helpless ogre fails to defend itself.
You hit the ogre.
The ogre is severely wounded.
The bullfrog skeleton hits you.
Your orc wizard skeleton hits the ogre but does no damage.
The bullfrog skeleton hits you.
* * * LOW HITPOINT WARNING * * *
The helpless ogre fails to defend itself.
You hit the ogre.
The ogre is severely wounded.
The bullfrog skeleton closely misses you.
Your orc wizard skeleton hits the ogre with a dagger.
The helpless ogre fails to defend itself.
You puncture the ogre!
You kill the ogre!
You have reached level 6!
Your experience leads to an increase in your attributes!
Increase (S)trength, (I)ntelligence, or (D)exterity?
You feel clever.
Your scales feel tougher.
Anything's ghost appears out of thin air!
Anything's ghost (amateur Naga Hunter) comes into view.
The bullfrog skeleton closely misses you.
Your orc wizard skeleton hits the bullfrog skeleton with a dagger.
The bullfrog skeleton hits you.
* * * LOW HITPOINT WARNING * * *
There is a stone staircase leading up here.
The bullfrog skeleton barely misses you.
Your orc wizard skeleton hits the bullfrog skeleton with a dagger.
You climb upwards.
Found a whip.
Found an escape hatch in the ceiling.
There is a stone staircase leading down here.
Casting: Vampiric Draining
Confirm with . or Enter, or press ? or * to list all spells.
You don't have enough magic to cast that spell.
Eat one of 2 chunks of flesh? (ye/n/q)
You eat one of the 2 chunks of flesh.
This raw flesh tastes terrible.
There is a stone staircase leading down here.
Casting: Vampiric Draining
Confirm with . or Enter, or press ? or * to list all spells.
Your skin crawls.
Wield which item (- for none, * to show all)? (? for menu, Esc to quit)
a - a book of Necromancy (in hand)
You swing at nothing.
You swing at nothing.
You swing at nothing.
Your skin is crawling a little less now.
You swing at nothing.
You swing at nothing.
You swing at nothing.
You swing at nothing.
Your skin stops crawling.
You swing at nothing.
You swing at nothing.
You swing at nothing.
You swing at nothing.
You swing at nothing.
You swing at nothing.
You swing at nothing.
You swing at nothing.
You swing at nothing.
You swing at nothing.
You swing at nothing.
You swing at nothing.
You swing at nothing.
You swing at nothing.
You swing at nothing.
You swing at nothing.
You swing at nothing.
You swing at nothing.
You swing at nothing.
You swing at nothing.
You swing at nothing.
You swing at nothing.
You swing at nothing.
You swing at nothing.
You swing at nothing.
You swing at nothing.
You swing at nothing.
You swing at nothing.
You swing at nothing.
You swing at nothing.
Wield which item (- for none, * to show all)? (? for menu, Esc to quit)
w - a +0 morningstar (weapon)
You climb downwards.
Level annotation: anything's ghost, amateur NaHu The bullfrog skeleton hits you but does no damage.
The bullfrog skeleton barely misses you.
Anything's ghost hits you.
There is a stone staircase leading up here.
The bullfrog skeleton hits you. Anything's ghost closely misses you.
You climb upwards.
There is a stone staircase leading down here.
There is an escape hatch in the ceiling here.
A mysterious force pulls you upwards. The hatch slams shut behind you.
Evoke which item? (* to show all) (? for menu, Esc to quit)
Okay, then.
Are you sure you want to abandon this character and quit the game? (Confirm with "yes".)

......# #.############.(..#
####..# #...# #....###### #..#
###.#####.##.##### #....#
#...†.#.#......#
#.#.###############.#[######.#
#.#.# #...........#.#........#
##.#.#
#.#########.#.#####....#
...#.#
#...<#....#.#.........##
####.# #......##@#.#######.###
...#. #.#######.#.# ####.#
##.# #......##.#.# #....# ...#
######.##.#.# #.#### ...#
#.##.#.# #.# ...#.# #.##.#.#
#.# ...#.# #.##.#.####.#
..##.# #.##.#......# #.##.#
#.##.########


There were no monsters in sight!

Vanquished Creatures
  An ogre (D:4)
  A wight (D:4)
  An orc priest (D:4)
  An orc wizard (D:4)
  A bullfrog skeleton (D:4)
  An adder (D:2)
  A worm (D:3)
  2 dart slugs
  8 orcs
  A giant cockroach (D:3)
  6 goblins
  7 hobgoblins
  2 jackals (D:1)
  4 kobolds
  4 quokkas (D:3)
  A ball python (D:2)
  3 bats
  6 frilled lizards
  5 rats (D:3)
56 creatures vanquished.

Vanquished Creatures (collateral kills)
  2 oozes
  A giant cockroach (D:3)
  A bat (D:1)
  A rat (D:1)
5 creatures vanquished.

Grand Total: 61 creatures vanquished

Notes
Turn   | Place    | Note
-------+----------+-------------------------------------------
     0 | D:1      | tidbits the Draconian Necromancer began the quest for the Orb.
     0 | D:1      | Reached XP level 1. HP: 14/14 MP: 3/3
    71 | D:1      | Learned a level 1 spell: Animate Skeleton
   160 | D:1      | Reached XP level 2. HP: 9/20 MP: 0/5
   709 | D:2      | Reached XP level 3. HP: 19/26 MP: 1/6
   714 | D:2      | Learned a level 3 spell: Vampiric Draining
  1030 | D:3      | Found a bloodstained altar of Trog.
  1118 | D:3      | Reached skill level 5 in Necromancy
  1214 | D:4      | Reached XP level 4. HP: 21/33 MP: 0/8
  1464 | D:2      | Found a shattered altar of Ashenzari.
  1580 | D:4      | Reached skill level 3 in Spellcasting
  1650 | D:4      | Learned a level 3 spell: Regeneration
  1652 | D:4      | Learned a level 1 spell: Apportation
  1667 | D:5      | Entered Level 5 of the Dungeon
  1667 | D:5      | Noticed a phantom
  1729 | D:4      | Reached XP level 5. HP: 38/38 MP: 2/10
  1740 | D:4      | Reached skill level 6 in Necromancy
  1793 | D:4      | Noticed an ogre
  1794 | D:4      | Found a staircase to the Ecumenical Temple.
  1803 | D:4      | Killed an ogre
  1803 | D:4      | Reached XP level 6. HP: 21/45 MP: 2/11
  1804 | D:4      | Noticed anything's ghost (amateur NaHu)
  1862 | D:2      | Quit the game

Vault maps used:
D:1:      dpeg_arrival_leaves_temple_mockup
D:2:      nicolae_overflow_hidden_temple
D:3:      kb_forest_paths, bloody_trog
D:4:      kennysheep_little_box, minmay_temple_entry_glass, first_bread
D:5:      good_gods_temple_1, uniq_grinder

Skill      XL: |  1  2  3  4  5 |
---------------+----------------+-----
Necromancy     | 5 6 |  6.4
Spellcasting   | 3 |  3.8
Dodging        | |  1.7
Stealth        | |  1.7

Action                   |  1- 3 |  4- 6 || total
-------------------------+-------+-------++-------
Melee: Dagger            |    26 |    32 ||    58
       Tailslap          |     2 |     3 ||     5
 Cast: Pain              |    76 |    16 ||    92
       Animate Skeleton  |    10 |     4 ||    14
       Regeneration      |       |     4 ||     4
       Vampiric Draining |       |     2 ||     2
 Abil: Evoke Berserk Rag |       |     2 ||     2
Evoke: Wand              |       |     2 ||     2
  Use: Scroll            |       |     7 ||     7
 Stab: Paralysed         |       |     3 ||     3
  Eat: Chunk             |     2 |     5 ||     7
Armor: Skin              |    15 |     6 ||    21
Dodge: Dodged            |    27 |    26 ||    53

Table legend:
 A = Spawn XP
 B = Non-spawn XP
 C = Spawn XP percentage of total XP
 D = Spawn monster count
 E = Non-spawn monster count
 F = Spawn count percentage of total count
 G = Total turns spent on level
                    A         B        C        D         E        F      G
               +---------+---------+-------+---------+---------+-------+---------
         Total |       0 |     414 |   0.0 |       0 |      61 |   0.0 |  1862
               +---------+---------+-------+---------+---------+-------+---------
           D:1 |       0 |      21 |   0.0 |       0 |      12 |   0.0 |   471
           D:2 |       0 |      41 |   0.0 |       0 |      14 |   0.0 |   488
           D:3 |       0 |      47 |   0.0 |       0 |      24 |   0.0 |   681
           D:4 |       0 |     305 |   0.0 |       0 |      11 |   0.0 |   207
               +---------+---------+-------+---------+---------+-------+---------

Table legend:
 A = Turns spent in this place as a percentage of turns spent in the entire game.
 B = Non-inter-level travel turns spent in this place as a percentage of non-inter-level travel turns spent in the entire game.
 C = Inter-level travel turns spent in this place as a percentage of turns spent in this place.
 D = Turns resting spent in this place as a percentage of non-inter-level travel turns spent in this place.
 E = Turns spent auto-exploring this place as a percentage of non-inter-level travel turns spent in this place.
 F = Non-inter-level travel turns spent in this place divided by the number of levels of this place that you've seen.
                   A       B       C       D       E      F
               +-------+-------+-------+-------+-------+----------------------
         Total | 100.0 | 100.0 |   6.7 |   0.0 |   0.0 | 347.4
       Dungeon | 100.0 | 100.0 |   6.7 |   0.0 |   0.0 | 347.4
               +-------+-------+-------+-------+-------+----------------------

Table legend:
 A = Kills in this place as a percentage of kills in entire the game.
 B = Kills by you in this place as a percentage of kills by you in the entire game.
 C = Kills by friends in this place as a percentage of kills by friends in the entire game.
 D = Other kills in this place as a percentage of other kills in the entire game.
 E = Experience gained in this place as a percentage of experience gained in the entire game.
 F = Experience gained in this place divided by the number of levels of this place that you have seen.
                   A       B       C       D       E      F
               +-------+-------+-------+-------+-------+----------------------
         Total | 100.0 | 100.0 | 100.0 |   N/A | 100.0 |  82.8
       Dungeon | 100.0 | 100.0 | 100.0 |   N/A | 100.0 |  82.8
               +-------+-------+-------+-------+-------+----------------------

Vault maps used:
D:1:      dpeg_arrival_leaves_temple_mockup
D:2:      nicolae_overflow_hidden_temple
D:3:      kb_forest_paths, bloody_trog
D:4:      kennysheep_little_box, minmay_temple_entry_glass, first_bread
D:5:      good_gods_temple_1, uniq_grinder
